[Event "17th Izmir Open 2018"]
[Site "Izmir"]
[Date "2018.09.10"]
[Round "2.8"]
[White "Grigoriev, Armen"]
[Black "Ozcan, Kaan"]
[Result "1-0"]
[ECO "D03"]
[WhiteElo "2067"]
[BlackElo "1509"]
[Annotator "NA RC"]
[PlyCount "135"]
[EventDate "2018.09.09"]
[EventType "swiss"]
[EventCountry "TUR"]
[SourceTitle "playchess.com"]
[Source "ChessBase"]
[SourceQuality "1"]
[TimeControl "5400+30"]

1. Nf3 Nf6 2. d4 g6 3. Bg5 Bg7 4. Nbd2 d5 5. e3 {LiveBook: 1356 Games} Bg4 6. c3 {D03: 1 d4 d5 2 Nf3 Nf6 3 Bg5, including Torre Attack with early ...d5} c6 7. Be2 Bxf3 $146 ({Predecessor:} 7... Nbd7 8. h3 Bxf3 9. Bxf3 Qb6 10. b4 e5 11. Rb1 O-O 12. O-O Rfe8 13. Bh4 Ne4 14. Nxe4 dxe4 15. Bxe4 exd4 {1-0 (23) Kovacevic,S (2420)-Kunte,M (2170) Linares 1998}) 8. Nxf3 Ne4 9. Bh4 Nd7 10. O-O Bf6 11. Bxf6 Nexf6 12. c4 O-O 13. b4 dxc4 14. Bxc4 Nb6 15. Bd3 Nbd5 16. Qd2 Kg7 (16... a5 $1 $11) 17. Rfc1 Rc8 18. a4 a6 19. Ne5 Nd7 20. Nc4 b6 (20... f5 $14) 21. e4 N5f6 22. Rc2 c5 23. bxc5 bxc5 {[#]} 24. d5 $1 Nb6 25. Rac1 (25. Qc3 $18) 25... e6 (25... Nxa4 $142 26. Ra2 Nb6) 26. Nxb6 Qxb6 27. a5 Qd6 28. Qc3 Qd8 (28... c4 $16 29. e5 (29. Bxc4 exd5 30. e5 Qd8 $14) 29... Nxd5 30. exd6+ Nxc3) 29. Bxa6 (29. d6 $18) 29... Ra8 30. Bb7 Rxa5 31. Rd2 e5 (31... exd5 $14 32. Bxd5 (32. exd5 Ra7 $16) 32... Qb6) 32. f3 Re8 33. Rdc2 Qb6 34. Bc6 Re7 35. g3 Qb4 36. Qxb4 cxb4 37. Rb1 Ra3 38. Kg2 b3 39. Rcb2 Rea7 40. Rxb3 Rxb3 41. Rxb3 Ra2+ {[#]} 42. Kg1 $1 Ra1+ {[#]} (42... g5 $16 {is a better defense.}) 43. Kf2 $1 Ra2+ 44. Ke3 Rxh2 45. d6 Rh1 46. d7 Nxd7 47. Bxd7 Rd1 (47... Re1+ $142 48. Kf2 Ra1) 48. Rb7 Kf8 49. Bc6 Rd6 50. Bd5 Rf6 51. f4 exf4+ 52. gxf4 h6 53. Ra7 g5 54. f5 h5 55. Kd4 h4 56. Ke3 (56. Ra8+ $142 Kg7 57. Ke3 h3 58. Kf3 h2 59. Kg2 Rh6 60. Kh1 f6 61. Rg8+ Kh7 62. Ba2) 56... Kg7 57. Kf3 h3 58. Kg3 g4 59. Kxg4 h2 60. Ra1 $18 (60. e5 $142 Rh6 61. Rxf7+ Kg8 62. Rf6+ Kh7 63. Rxh6+ Kxh6 64. e6 h1=Q 65. Bxh1) 60... Rh6 61. e5 Kf8 62. Bg2 Ke7 63. Rh1 Rh8 64. Bh3 Rg8+ 65. Kf3 Rg1 66. Rxh2 Re1 67. f6+ Kd8 68. Rc2 1-0

[Event "17th Izmir Open 2018"]
[Site "Izmir"]
[Date "2018.09.10"]
[Round "2.9"]
[White "Ersoy, Emre"]
[Black "Kirilmaz, Emre"]
[Result "0-1"]
[ECO "B03"]
[WhiteElo "1557"]
[BlackElo "2017"]
[Annotator "NA RC"]
[PlyCount "35"]
[EventDate "2018.09.09"]
[EventType "swiss"]
[EventCountry "TUR"]
[SourceTitle "playchess.com"]
[Source "ChessBase"]
[SourceQuality "1"]
[TimeControl "5400+30"]

1. e4 Nf6 2. e5 Nd5 3. d4 d6 4. c4 Nb6 5. exd6 cxd6 6. Nc3 g6 7. Bd3 Bg7 8. Nge2 Nc6 9. Be3 {LiveBook: 15 Games} O-O {B03: Alekhine's Defence: Four Pawns Attack} 10. a3 d5 11. c5 Nc4 12. Bxc4 $1 dxc4 13. O-O Bf5 14. d5 Na5 15. Bd4 Nb3 16. Ra2 $146 ({Predecessor:} 16. Bxg7 $17 Kxg7 {½-½ (28) Aldokhin,I (2345)-Klimov,A (2432) Dagomys 2009} 17. Nd4 Nxa1 18. Nxf5+ gxf5 19. Qd4+ e5 20. Qxe5+ Qf6 21. Qg3+ Qg6 22. Rxa1) 16... Bd3 ({Better is} 16... Nxd4 $19 17. Nxd4 Bd3) 17. Re1 $2 (17. Bxg7 $17 Kxg7 18. Re1) 17... Nxc5 $4 (17... Nxd4 $19 {and life is good for Black.} 18. Nxd4 Bxd4) 18. Nf4 $19 (18. Bxc5 $18 b6 19. Be3) 0-1

[Event "17th Izmir Open 2018"]
[Site "Izmir"]
[Date "2018.09.10"]
[Round "2.10"]
[White "Bilyap, Enis"]
[Black "Yilmaz, Aras"]
[Result "1-0"]
[ECO "E66"]
[WhiteElo "1983"]
[BlackElo "1632"]
[Annotator "NA RC"]
[PlyCount "63"]
[EventDate "2018.09.09"]
[EventType "swiss"]
[EventCountry "TUR"]
[SourceTitle "playchess.com"]
[Source "ChessBase"]
[SourceQuality "1"]
[TimeControl "5400+30"]

1. Nf3 Nf6 2. g3 g6 3. Bg2 Bg7 4. O-O O-O 5. c4 d6 6. d4 c5 7. Nc3 Nc6 8. d5 Na5 9. Nd2 a6 10. a3 Qc7 (10... Ng4 $15) 11. Qc2 {LiveBook: 7 Games E66: King's Indian: Fianchetto: 6...c5 7 0-0 Nc6 8 d5} Bd7 12. Qd3 $146 ({Predecessor:} 12. b3 $11 {remains equal.} b5 13. Bb2 Rab8 14. Rab1 e5 15. dxe6 fxe6 16. Nce4 Bc6 17. Nxf6+ Bxf6 18. Bxf6 Rxf6 19. Ne4 Rff8 20. Qc3 Bxe4 21. Bxe4 b4 22. axb4 Rxb4 {½-½ (38) Schulz,J (2266)-Maryasin,B (2394) Stare Mesto 2004}) 12... Rfc8 13. a4 Rab8 14. b3 b5 15. axb5 axb5 16. cxb5 {[#]} (16. Nxb5 $15 Bxb5 17. cxb5) 16... c4 (16... Nxb3 $1 $19 17. Nxb3 c4) 17. bxc4 Nxc4 (17... Ng4 $1 $15) 18. Nxc4 Qxc4 19. Qxc4 Rxc4 20. Bd2 h5 21. Ra7 Bxb5 {[#]} ({Better is} 21... Rb4 $14) 22. Rb1 $1 ({Finger weg von} 22. Rxe7 Be8 $14) 22... Ng4 $2 (22... Rc5 $16 {was called for.}) 23. Rxb5 Rbc8 24. h3 Bd4 25. Rxe7 ({Not} 25. hxg4 Bxa7 26. Rb7 Bd4 $18) 25... Nxf2 26. e3 Bf6 27. Rd7 Bxc3 28. Bxc3 ({And not} 28. Kxf2 Bxd2 29. Rxd6 Re8 $11) 28... Nxh3+ 29. Bxh3 Rxc3 30. Rbb7 Rxe3 (30... Rf8 $142 31. Kf2 Rc2+ 32. Kf3 Rc3) 31. Rxf7 Rc2 32. Be6 1-0